 Dungeon Crawl Stone Soup version 0.25-a0-251-g572059c536 (webtiles) character file.

Game seed: 1302506266986317128, levelgen mode: deterministic

1031 floatRand the Cleaver (level 8, -5/56 HPs)
             Began as a Demonspawn Gladiator on Dec 4, 2019.
             Was an Initiate of Nemelex Xobeh.
             Slain by an orc warrior
             ... wielding a +0 scimitar
              (22 damage)
             ... on level 6 of the Dungeon.
             The game lasted 00:07:07 (5548 turns).

floatRand the Cleaver (Demonspawn Gladiator)        Turns: 5548, Time: 00:07:07

Health: -5/56      AC: 13    Str: 16    XL:     8   Next: 3%
Magic:  17/17      EV: 10    Int:  9    God:    Nemelex Xobeh [......]
Gold:   238        SH:  4    Dex: 21    Spells: 7/7 levels left

rFire    . . .     SeeInvis +   h - +3 flail (crush)
rCold    . . .     Gourm    +   s - +0 buckler
rNeg     . . .     Faith    .   g - +0 plate armour
rPois    .         Spirit   .   (helmet unavailable)
rElec    .         Reflect  .   (no cloak)
rCorr    .         Harm     .   n - +0 pair of gloves
MR       +....                  (no boots)
Stlth    ..........             x - amulet of the gourmand
HPRegen  0.18/turn              e - ring of protection from magic
MPRegen  0.15/turn              p - ring of magical power

@: agile
A: antennae 3, molten scales 1, nightstalker 1
a: Draw Escape, Draw Destruction, Draw Summoning, Renounce Religion


You were on level 6 of the Dungeon.
You worshipped Nemelex Xobeh.
Nemelex Xobeh was noncommittal.
You were not hungry.

You visited 2 branches of the dungeon, and saw 7 of its levels.

You collected 238 gold pieces.

Inventory:

Hand Weapons
 a - a +0 war axe
 h - a +3 flail of crushing (weapon)
 j - a +4 vampiric short sword
Missiles
 d - 3 throwing nets (quivered)
Armour
 b - a +0 leather armour
 c - a +0 helmet
 g - a +0 plate armour (worn)
 n - a +0 pair of gloves (worn)
 s - a +0 buckler (worn)
Jewellery
 e - a ring of protection from magic (left hand)
 k - the ring "Haxkonk" {rF+ Str+3, unknown}
   (You found it on level 6 of the Dungeon)

   [ring of protection from fire]

   It affects your strength (+3).
   It protects you from fire.
 p - a ring of magical power (right hand)
 w - an uncursed ring of protection from cold
 x - an amulet of the gourmand (around neck)
 y - an uncursed ring of positive energy
Wands
 t - a wand of flame (16)
 v - a wand of scattershot (2)
 z - a wand of digging (3)
Scrolls
 i - a scroll of teleportation
 l - 2 scrolls of identify
Potions
 m - 3 potions of curing
 o - 3 potions of agility
 q - 3 potions of mutation
 u - 3 potions of heal wounds
Comestibles
 f - 11 rations


   Skills:
 - Level 2.0 Fighting
 + Level 8.4 Axes
 - Level 1.7 Throwing
 + Level 2.0 Armour
 - Level 3.5 Dodging
 * Level 0.0 Invocations


You had 7 spell levels left.
You didn't know any spells.
Your spell library was empty.

Dungeon Overview and Level Annotations

Branches:
Dungeon (6/15)             Temple (1/1) D:6

Altars:
Cheibriados
Dithmenos
Elyvilon
Fedhas
Gozag
Hepliaklqana
Kikubaaqudgha
Makhleb
Nemelex Xobeh
Qazlal
Ru
Sif Muna
Trog
Uskayaw
Vehumet
Wu Jian
Xom
Yredelemnul
The Shining One

Shops:
D:4 (


Innate Abilities, Weirdness & Mutations

You have a pair of large antennae on your head. (SInv)
You are partially covered in molten scales. (AC +2)
You are slightly more attuned to the shadows.


Message History

You closely miss the orc warrior.
The orc warrior is heavily wounded.
You block the orc warrior's attack.
You hit the orc warrior but do no damage.
The orc warrior is heavily wounded.
You block the orc warrior's attack.
Your plate armour prevents you from hitting the orc warrior.
The orc warrior is heavily wounded.
You block the orc warrior's attack.
You hit the orc warrior but do no damage.
The orc warrior is heavily wounded.
The orc warrior hits you but does no damage.
You hit the orc warrior.
The orc warrior is severely wounded.
The orc warrior hits you with a +0 scimitar!
You barely miss the orc warrior.
The orc warrior is severely wounded.
The orc warrior hits you with a +0 scimitar!!
You die...
Your body disappears without a glow.

#.. #.... #.##.# {
#O##.# #o##.# #o##.#
#@##.#######
#.#......... #
#....####### .
#...## # #...#
######### #.<.#
#........
###...######.#######
#..........#.#######
#.#...####.#.#..)...


You could see an orc warrior, an ogre and an orc.

Vanquished Creatures
  Edmund (D:5)
  2 centaurs (D:5)
  A bullfrog (D:5)
  2 scorpions (D:4)
  A crimson imp (D:5)
  A centaur zombie (D:6)
  A bullfrog skeleton (D:3)
  2 orc priests (D:3)
  2 iguanas
  Terence (D:3)
  2 orc wizards
  2 worker ants
  Robin (D:2)
  4 gnolls (D:4)
  8 adders
  A shadow imp (D:5)
  An ooze (D:3)
  An adder zombie (D:5)
  2 worms
  A dart slug (D:3)
  2 leopard geckos
  15 orcs
  9 bats
  5 giant cockroaches
  17 goblins
  13 hobgoblins
  5 jackals
  3 quokkas
  2 ball pythons
  5 frilled lizards
  13 kobolds
  5 rats
131 creatures vanquished.

Notes
Turn   | Place    | Note
-------+----------+-------------------------------------------
     0 | D:1      | floatRand the Demonspawn Gladiator began the quest for the
                  | Orb.
     0 | D:1      | Reached XP level 1. HP: 16/16 MP: 1/1
    40 | D:1      | Reached skill level 3 in Axes
    89 | D:1      | Gained mutation: You have a pair of small antennae on your
                  | head. [demonic ancestry]
    89 | D:1      | Reached XP level 2. HP: 17/22 MP: 2/2
   590 | D:1      | Gained mutation: You are slightly more attuned to the
                  | shadows. [demonic ancestry]
   590 | D:1      | Reached XP level 3. HP: 25/27 MP: 3/3
   841 | D:2      | Found a glowing golden altar of the Shining One.
   842 | D:2      | Found a radiant altar of Vehumet.
   843 | D:2      | Found a white marble altar of Elyvilon.
   855 | D:2      | Reached skill level 4 in Axes
   866 | D:2      | Noticed a +0 dagger
   867 | D:2      | Found a hide-covered altar of Uskayaw.
   867 | D:2      | Noticed a +0 dagger
  1311 | D:2      | Gained mutation: You are partially covered in molten
                  | scales. (AC +2) [demonic ancestry]
  1311 | D:2      | Reached XP level 4. HP: 22/33 MP: 4/4
  1587 | D:2      | Found a burning altar of Makhleb.
  1935 | D:2      | Noticed Robin
  1955 | D:2      | Killed Robin
  2249 | D:3      | Reached skill level 5 in Axes
  2649 | D:3      | Reached XP level 5. HP: 28/38 MP: 5/5
  2932 | D:3      | Found a snail-covered altar of Cheibriados.
  2944 | D:3      | Noticed Terence
  2960 | D:3      | Killed Terence
  3254 | D:3      | Reached skill level 6 in Axes
  3264 | D:3      | Gained mutation: You have a pair of antennae on your head.
                  | [demonic ancestry]
  3264 | D:3      | Reached XP level 6. HP: 19/44 MP: 6/6
  3750 | D:4      | Found Beokhluil's Weapon Shoppe.
  3994 | D:4      | Found a sacrificial altar of Ru.
  4140 | D:4      | Found a stormy altar of Qazlal.
  4209 | D:4      | Reached skill level 7 in Axes
  4551 | D:4      | Gained mutation: You have a pair of large antennae on your
                  | head. (SInv) [demonic ancestry]
  4551 | D:4      | Reached XP level 7. HP: 46/50 MP: 7/7
  4663 | D:5      | Entered Level 5 of the Dungeon
  4827 | D:5      | Reached skill level 8 in Axes
  4913 | D:5      | Noticed Edmund
  4934 | D:5      | Killed Edmund
  4934 | D:5      | Reached skill level 1 in Armour
  5254 | D:6      | Reached XP level 8. HP: 45/56 MP: 8/8
  5268 | D:6      | Got a wavering tin ring
  5271 | D:6      | Found a staircase to the Ecumenical Temple.
  5340 | Temple   | Entered the Ecumenical Temple
  5432 | Temple   | Became a worshipper of Nemelex Xobeh the Trickster
  5548 | D:6      | Slain by an orc warrior

Levels and vault maps discovered:
D:1:      minmay_arrival_four_circles, layout_loops_ring,
          minmay_misc_feat_plants
D:2:      layout_basic, dancing_weapons_uskayaw, grunt_temple_overflow_open,
          bloody_makhleb, uniq_robin
D:3:      layout_loops_corners, old_standard_altar, first_ration,
          minmay_ruptured, uniq_terence
D:4:      layout_gridville, nicolae_qazlal_eye_of_the_storm,
          nicolae_ru_the_path_less_chosen, serial_shops, shop,
          serial_bayou_pond_a
D:5:      layout_cave_pools, serial_column_ruins, column_ruins_open_tiny,
          column_ruins_grid_1, column_ruins_grid_4, column_ruins_open_tiny,
          uniq_grinder, uniq_edmund
D:6:      layout_loops_ring, okawaru_trees_2, temple_pool_b,
          chequers_serial_rivers_micro_d
Temple:   nicolae_temple_hex_pool

Skill      XL: |  1  2  3  4  5  6  7  8 |
---------------+-------------------------+-----
Axes           | 3 4 5 6 7 8 |  8.4
Armour         | 1 2 |  2.0
Dodging        | 3 |  3.5
Fighting       | |  2.0
Throwing       | |  1.7

Action                   |  1- 3 |  4- 6 |  7- 9 || total
-------------------------+-------+-------+-------++-------
Melee: War axe           |   117 |   100 |       ||   217
       Short sword       |       |   208 |    84 ||   292
       Flail             |       |       |    44 ||    44
  Use: Potion            |       |     4 |     1 ||     5
       Scroll            |       |       |     8 ||     8
 Stab: Sleeping          |     2 |       |       ||     2
  Eat: Chunk             |     1 |    11 |    18 ||    30
Armor: Leather armour    |    36 |     2 |       ||    38
       Plate armour      |       |   252 |    75 ||   327
Dodge: Dodged            |    96 |    76 |    28 ||   200
Block: Buckler           |       |    16 |    22 ||    38

Table legend:
 A = Non-vault XP
 B = Vault XP
 C = Vault XP percentage of total XP
 D = Non-vault monster count
 E = Vault monster count
 F = Vault count percentage of total count
                 A         B        C        D         E       F
            +---------+---------+-------+---------+---------+-------
      Total |    1236 |     238 |  16.1 |     117 |      14 |  10.7
            +---------+---------+-------+---------+---------+-------
        D:1 |      45 |       0 |   0.0 |      28 |       0 |   0.0
        D:2 |      78 |      27 |  25.7 |      25 |       8 |  24.2
        D:3 |     232 |      54 |  18.9 |      27 |       5 |  15.6
        D:4 |     310 |       0 |   0.0 |      20 |       0 |   0.0
        D:5 |     493 |     157 |  24.2 |      15 |       1 |   6.2
        D:6 |      78 |       0 |   0.0 |       2 |       0 |   0.0
            +---------+---------+-------+---------+---------+-------
